 Dungeon Crawl Stone Soup version 0.31.0-12-g77e489cdc1 (webtiles) character file.

Game seed: 13181211214894108597

106 insertapun the Sneak (level 4, -20/37 HPs)
             Began as a Naga Enchanter on Feb 16, 2024.
             Was an Initiate of Okawaru.
             Demolished by an ogre
             ... wielding a +0 giant club
              (28 damage)
             ... on level 3 of the Dungeon.
             The game lasted 00:22:15 (2309 turns).

insertapun the Sneak (Naga Enchanter)               Turns: 2309, Time: 00:22:19

Health: -20/37     AC:  4    Str: 10    XL:     4   Next: 84%
Magic:  7/7        EV:  9    Int: 15    God:    Okawaru [......]
Gold:   122        SH:  0    Dex: 14    Spells: 5/7 levels left

rFire   . . .        f - +4 dagger
rCold   . . .        (no shield)
rNeg    . . .        e - +0 leather armour
rPois   +            r - +0 helmet {SInv}
rElec   .            (no cloak)
rCorr   .            (no gloves)
SInv    +            (no barding)
Will    .....        o - amulet of the acrobat
Stlth   +++          (no ring)
HPRegen 0.26/turn    (no ring)
MPRegen 0.10/turn

%: acrobat
@: very slow
A: AC +1, large, see invisible, deformed body, poison resistance, slowness 2,
spit poison 1, naga tail 1
a: Spit Poison, Renounce Religion


You were on level 3 of the Dungeon.
You worshipped Okawaru.
Okawaru was noncommittal.
You visited 1 branch of the dungeon, and saw 3 of its levels.

You collected 122 gold pieces.

Inventory:

Hand Weapons
 a - a +1 dagger
 d - a +0 short sword
 f - a +4 dagger (weapon)
 i - a +4 short sword
 j - a +1 dagger of speed
 q - a +1 long sword of electrocution
Armour
 b - a +0 robe
 e - a +0 leather armour (worn)
 r - a +0 helmet of see invisible (worn)
Magical Staves
 p - a staff of death
Jewellery
 o - an amulet of the acrobat (around neck)
Scrolls
 h - a scroll of identify {unknown}
 l - a scroll of enchant armour {unknown}
 m - a scroll of noise {unknown}
 n - 3 scrolls of butterflies
Potions
 c - a potion of invisibility
 g - a potion of berserk rage
 k - 2 potions of curing


   Skills:
 + Level 0.5 Fighting
 + Level 2.4 Short Blades
 + Level 1.2 Armour
 + Level 1.9 Dodging
 + Level 5.5 Stealth
 + Level 2.1 Spellcasting
 + Level 3.4 Hexes
 + Level 0.1 Invocations


You had 5 spell levels left.
You knew the following spells:

 Your Spells              Type           Power      Damage    Failure   Level
a - Ensorcelled Hibernat  Hex/Ice        12%        N/A       22%         2

Your spell library contained the following spells:

 Spells                   Type           Power      Damage    Failure   Level
 Confusing Touch          Hex            11%        N/A       22%         3
 Dazzling Flash           Conj/Hex       12%        N/A       41%         3
 Tukima's Dance           Hex            Unusable   N/A       N/A         3

Dungeon Overview and Level Annotations

Branches:
Dungeon (3/15)

Altars:
Kikubaaqudgha
Okawaru

Annotations:
D:3 Grinder


Innate Abilities, Weirdness & Mutations

Your serpentine skin is tough. (AC +1)
You have supernaturally acute eyesight. (SInv)
Armour fits poorly on your strangely shaped body.
Your system is resistant to poisons. (rPois)
You cover ground very slowly.
You can spit poison.
You have a snake-like lower body.


Message History

There is an open door here.
You open the door.
Found a stone staircase leading up.
Found a white potion.
There is an open door here.
g - 2 white potions (gained 1)
Okay, then.
It was a potion of berserk rage.
A red film seems to cover your vision as you go berserk!
You feel yourself moving faster!
You feel mighty!
You feel a strong urge to attack something.
You feel your anger nearly subside.
You are no longer berserk.
You are exhausted.
You feel yourself slow down.
You feel yourself speed up.
You recover from your berserk rage.
Aiming: Spit Poison (1% risk of failure)
Press: ? - help, Shift-Dir - straight line, f - ogre
Aim: an ogre, wielding a +0 giant club (81% to hit)
The splash of poison misses the ogre.
You hit the ogre.
The ogre is lightly wounded.
The ogre barely misses you.
You hit the ogre.
The ogre is lightly wounded.
The ogre hits you with a +0 giant club!
You hit the ogre.
The ogre is moderately wounded.
You have got your breath back.
You hit the ogre.
The ogre is heavily wounded.
The ogre closely misses you. The ogre attacks as it pursues you!
The ogre hits you with a +0 giant club!!
Ouch! That really hurt!
* * * LOW HITPOINT WARNING * * *
You feel better.
The ogre hits you with a +0 giant club!!
Ouch! That really hurt!
You die...

#.#..##....###.....
#..................
#...####+#######'##
##.###.....###.....
##.####.....###....
#..#.###.....###...
#..#..###.....###..
#..+...###.....###.
#.@#....####'######
#######.O#.....#.....#.##
.........##)...#.....#..#
#######..###..^'.....'...
##.####..#.....#...
#.#.###.#.....#...
#.#..######'####..
#.'.5.###.....###.
..#....###.....###


You could see Grinder (wandering) and an ogre.

Vanquished Creatures
  Robin (D:3)
  2 adders (D:2)
  A dart slug (D:1)
  2 ribbon worms
  4 orcs (D:3)
  5 ball pythons
  5 endoplasms
  8 goblins
  6 hobgoblins
  4 jackals
  9 kobolds
  2 quokkas
  3 bats
  2 frilled lizards
  9 rats
63 creatures vanquished.

Notes
Turn   | Place    | Note
-------+----------+-------------------------------------------
     0 | D:1      | insertapun the Naga Enchanter began the quest for the Orb.
     0 | D:1      | Reached XP level 1. HP: 15/15 MP: 3/3
   175 | D:1      | Reached XP level 2. HP: 22/22 MP: 5/5
   454 | D:1      | Learned a level 2 spell: Ensorcelled Hibernation
   680 | D:1      | Found a faded altar of an unknown god.
   688 | D:1      | Prayed at the altar of an unknown god.
   688 | D:1      | Became a worshipper of Warmaster Okawaru
   688 | D:1      | Reached * piety under Okawaru
   900 | D:2      | Reached skill level 5 in Stealth
   908 | D:2      | Reached XP level 3. HP: 28/28 MP: 6/6
  1414 | D:2      | Reached XP level 4. HP: 22/36 MP: 7/7
  1600 | D:3      | Found an ancient bone altar of Kikubaaqudgha.
  1721 | D:3      | Noticed an ogre
  1740 | D:3      | Reached skill level 1 in Armour
  1861 | D:3      | Noticed Grinder
  1961 | D:3      | Noticed Robin
  1977 | D:3      | Killed Robin
  2309 | D:3      | Demolished by an ogre

Illustrated notes

Levels and vault maps discovered:
D:1:      minmay_arrival_solitary_statue, layout_basic,
          ebering_ecumenical_altar_abandoned
D:2:      layout_basic
D:3:      layout_basic, mainiacjoe_overflow_six_doors_small,
          minmay_quadrilaterals, uniq_grinder, uniq_robin, uniq_sigmund

Skill      XL: |  1  2  3  4 |
---------------+-------------+-----
Stealth        | 5 |  5.5
Short Blades   | 2 |  2.4
Armour         | 1 |  1.2
Fighting       | |  0.5
Dodging        | |  1.9
Spellcasting   | |  2.1
Hexes          | |  3.4
Invocations    | |  0.1

Action                     |  1- 3 |  4- 6 || total
---------------------------+-------+-------++-------
  Melee: Dagger            |    89 |    85 ||   174
         Punch             |       |     1 ||     1
 Invoke: Heroism           |     1 |     1 ||     2
Ability: Spit Poison       |     9 |     3 ||    12
    Use: Potion            |     1 |     3 ||     4
         Scroll            |     1 |     1 ||     2
   Stab: Sleeping          |     6 |     1 ||     7
 Armour: Robe              |     3 |       ||     3
         Leather armour    |    45 |    43 ||    88
  Dodge: Dodged            |    38 |    26 ||    64
